 Dungeon Crawl Stone Soup version 0.15-a0-2019-g30d9616 (webtiles) character file.

413866 KaKa the Eclecticist (level 23, -1/173 HPs)
             Began as an Octopode Conjurer on July 4, 2014.
             Was the Champion of Kikubaaqudgha.
             Killed from afar by a starcursed mass (7 damage)
             ... with an accursed screaming
             ... on Level 1 of the Abyss on July 12, 2014.
             The game lasted 10:01:15 (82378 turns).

KaKa the Eclecticist (Octopode Conjurer)           Turns: 82378, Time: 10:01:16

HP  -1/173       AC  4     Str 12      XL: 23   Next: 56%
MP   4/51        EV 31     Int 29      God: Kikubaaqudgha [******]
Gold 4945        SH  9     Dex 21      Spells: 13 memorised,  4 levels left

rFire  + + .     SeeInvis +     a - staff of death
rCold  + . .     Clarity  +     I - +3 buckler {rPois}
rNeg   + + .     rCorr    .     c - +2 hat {Int+3}
rPois  +         rRot     .     Z - amulet of the Four Winds {Clar rN+ MR+++}
rElec  .         Spirit   .     v - ring of wizardry
SustAb .         Warding  .     R - ring "Wuiraeg" {Str-2 Dex+3 Int+2}
rMut   .         Stasis   .     L - ring of the Scarab {+cTele Str+4 Dex+3}
Gourm  .                        z - ring of magical power
MR     +++++                    B - ring of protection from fire
                                V - ring of regeneration
                                e - ring of protection from fire
                                g - ring of protection from cold

@: about to teleport, controlling teleports, regenerating, repel missiles,
drained, almost entirely resistant to hostile enchantments, fairly stealthy
A: almost no armour, amphibious, 8 rings, constrict 8, repulsion field 2, molten
scales 1, camouflage 1, see invisible, breathe flames 1, clarity, magic
resistance 1, robust 1, slow metabolism 1, spit poison 1, strong 1, gelatinous
body 1
a: Spit Poison, Receive Corpses, Torment, Renounce Religion, Breathe Fire, Evoke
Teleport Control
}: 2/15 runes: decaying, serpentine


You were on level 1 of the Abyss.
You worshipped Kikubaaqudgha.
Kikubaaqudgha was exalted by your worship.
You were not hungry.

You visited 10 branches of the dungeon, and saw 50 of its levels.
You visited the Abyss 1 time.
You also visited: Ice Cave.

You collected 6084 gold pieces.
You spent 1139 gold pieces at shops.

Inventory:

Armour
 c - a +2 hat of intelligence (worn)
 I - a +3 buckler of poison resistance (worn)
Magical devices
 b - a wand of heal wounds (0)
 d - a wand of teleportation (3)
 h - a wand of lightning (4)
 s - a wand of digging (23)
 E - a wand of draining (0)
 G - a wand of magic darts (6)
 O - a wand of hasting (6)
 P - a wand of cold (3)
 X - a wand of fire (5)
Comestibles
 o - 26 bread rations
 w - a meat ration
Scrolls
 i - 15 scrolls of enchant weapon
 k - 19 scrolls of remove curse
 n - 10 scrolls of teleportation
 r - 7 scrolls of magic mapping
 y - a scroll of fear
 A - 2 scrolls of blinking
 D - 3 scrolls of fog
 J - 8 scrolls of recharging
 Q - 23 scrolls of identify
Jewellery
 e - a ring of protection from fire (on tentacle)
 g - a ring of protection from cold (on tentacle)
 p - an uncursed amulet of resist mutation
 v - a ring of wizardry (left tentacle)
 z - a ring of magical power (on tentacle)
 B - a ring of protection from fire (on tentacle)
 L - the ring of the Scarab (on tentacle) {+cTele Str+4 Dex+3}
   (You found it on level 2 of the Lair of Beasts)

   [ring of teleport control]

   It can be evoked for teleport control.
   It affects your strength (+4).
   It affects your dexterity (+3).
 R - the ring "Wuiraeg" (right tentacle) {Str-2 Dex+3 Int+2}
   (You found it on level 3 of the Elven Halls)

   [ring of strength]

   It affects your strength (-2).
   It affects your intelligence (+2).
   It affects your dexterity (+3).
 V - a ring of regeneration (on tentacle)
 Z - the amulet of the Four Winds (around mantle) {Clar rN+ MR+++}
   (You took it off a deep elf conjurer on level 3 of the Elven Halls)

   [amulet of clarity]

   It provides mental clarity.
   It protects you from negative energy.
   It affects your resistance to hostile enchantments.
Potions
 f - 6 potions of brilliance
 j - 6 potions of resistance
 l - a potion of cancellation
 m - 3 potions of cure mutation
 t - 5 potions of agility
 u - 19 potions of curing
 H - 5 potions of might
 K - 4 potions of invisibility
 M - a potion of berserk rage
 S - 2 potions of haste
Books
 q - a book of Annihilations

   Spells                             Type                      Level
   *Poison Arrow                      Conjuration/Poison           6
   Chain Lightning                    Conjuration/Air              8
   Lehudib's Crystal Spear            Conjuration/Earth            8
   Glaciate                           Conjuration/Ice              9
   Fire Storm                         Conjuration/Fire             9
 x - a book of Wizardry

   Spells                             Type                      Level
   Agony                              Necromancy                   5
   Force Lance                        Conjuration                  5
   Dispersal                          Translocation                6
   *Haste                             Charms                       6
   Invisibility                       Hexes                        6
   Spellforged Servitor               Conjuration/Summoning        7
 C - a Necronomicon

   Spells                             Type                      Level
   *Haunt                             Necromancy/Summoning         7
   Borgnjor's Revivification          Necromancy                   8
   Death's Door                       Charms/Necromancy            8
   Necromutation                      Transmutation/Necromancy     8
 F - Kikubaaqudgha's Reference Book on Stolen Souls
   (Kikubaaqudgha gifted it to you on level 9 of the Dungeon)

   Spells                             Type                      Level
   *Animate Dead                      Necromancy                   4
   Agony                              Necromancy                   5
   *Dispel Undead                     Necromancy                   5
   Twisted Resurrection               Necromancy                   5
   Simulacrum                         Ice/Necromancy               6
 N - Kikubaaqudgha's Compendium of Sinister Secrets
   (Kikubaaqudgha gifted it to you on level 8 of the Dungeon)

   Spells                             Type                      Level
   Pain                               Necromancy                   1
   Corpse Rot                         Necromancy                   2
   *Sublimation of Blood              Necromancy                   2
   Vampiric Draining                  Necromancy                   3
   Control Undead                     Necromancy                   4
 W - a book of Power

   Spells                             Type                      Level
   Fulminant Prism                    Conjuration/Hexes            4
   Iskenderun's Mystic Blast          Conjuration                  4
   Venom Bolt                         Conjuration/Poison           5
   Bolt of Magma                      Conjuration/Fire/Earth       5
   Iron Shot                          Conjuration/Earth            6
   *Orb of Destruction                Conjuration                  7
Magical staves
 a - an uncursed staff of death (weapon)


   Skills:
 - Level 13.4(13.2) Fighting
 - Level 12.0(11.8) Staves
 - Level 16.5(16.4) Dodging
 - Level 2.6(2.5) Stealth
 - Level 5.1(4.9) Shields
 - Level 18.4(18.2) Spellcasting
 + Level 11.6(11.4) Conjurations
 - Level 10.0(9.8) Charms
 - Level 14.0(13.8) Summonings
 - Level 14.0(13.9) Necromancy
 - Level 5.0(4.8) Translocations
 - Level 7.6(7.5) Poison Magic
 - Level 10.0(9.9) Evocations


You had 4 spell levels left.
You knew the following spells:

 Your Spells              Type           Power        Failure   Level  Hunger
a - Orb of Destruction    Conj           #######...   6%          7    ####...
b - Sublimation of Blood  Necr           ########..   0%          2    None
c - Haunt                 Necr/Summ      ########..   2%          7    ####...
d - Haste                 Chrm           ######..     2%          6    #......
e - Repel Missiles        Chrm/Air       ######       1%          2    None
f - Blink                 Tloc           N/A          1%          2    None
g - Control Teleport      Chrm/Tloc      ######....   1%          4    None
h - Animate Dead          Necr           N/A          1%          4    None
i - Dispel Undead         Necr           ########     1%          5    None
q - Poison Arrow          Conj/Pois      ######....   2%          6    #......
s - Regeneration          Chrm/Necr      #######...   1%          3    None
w - Bolt of Draining      Conj/Necr      ########..   1%          5    None
z - Apportation           Tloc           ######....   1%          1    None


Dungeon Overview and Level Annotations

Branches:
Dungeon (15/15)            Temple (1/1) D:7             Orc (4/4) D:12
    Elf (3/3) Orc:4          Lair (8/8) D:9           Swamp (5/5) Lair:6
  Snake (5/5) Lair:5        Slime (0/6) Lair:6       Vaults (3/5) D:14
  Crypt (3/3) Vaults:3       Tomb (0/3) Crypt:3      Depths (3/5) D:15

Altars:
Ashenzari
Cheibriados
Dithmenos
Elyvilon
Fedhas
Gozag
Kikubaaqudgha
Makhleb
Nemelex Xobeh
Okawaru
Qazlal
Sif Muna
Trog
Vehumet
Xom
Yredelemnul
Zin
The Shining One
Beogh
Jiyva

Shops:
D:5 *   D:9 =   Orc:4 }(([   Elf:1 ?

Portals:
Hell: Depths:1 Depths:2 Depths:3
Abyss: Depths:3
Ziggurat: Depths:2

Annotations:
Lair:3 Gastronok


Innate Abilities, Weirdness & Mutations

You cannot wear most types of armour.
You are amphibious.
You can wear up to eight rings at the same time.
You can use your tentacles to constrict many enemies at once.
Your skin changes colour to match your surroundings (Stealth).
Your rubbery body absorbs attacks (AC +1).
You are surrounded by a moderate repulsion field (EV +3).
You are partially covered in molten scales (AC +1).
You have supernaturally acute eyesight.
You can breathe flames.
You possess an exceptional clarity of mind.
You are resistant to hostile enchantments.
You are robust (+10% HP).
You have a slow metabolism.
You can spit poison.
Your muscles are strong. (Str +2)


Message History

Okay, then.
Casting: Orb of Destruction
Confirm with . or Enter, or press ? or * to list all spells.
Okay, then.
Unknown command.
Read which item? (? for menu, Esc to quit)
Your blink will be uncontrolled - continue anyway? [Y]es or [N]o only, please.
Your blink will be uncontrolled - continue anyway?
As you read the scroll of blinking, it crumbles to dust.
A powerful magic interferes with your control of the blink.
You blink.
The starcursed mass engulfs your hungry ghost.
A starcursed mass splits.
A deafening chorus of shrieks assaults your mind!
* * * LOW HITPOINT WARNING * * *
The brain worm completely misses you. A chorus of shrieks assaults your mind.
You die...
Kikubaaqudgha rasps: "You have failed me!
Welcome... death!"

# ## # # #####
#X#X## #3#.#
#..W.#%Z#
#XXX##D.## #
#..X.....# .ยง.
####..
#.p###..#.#
....#.##w@......#
. .. ##....###...
.##.........#..#
. #. # .#...##.##
## # # .
..#..####. . ..
....## . . .# . .
## . #. #. ## . .
.....#


You could see a bone dragon, 4 starcursed masses, a death knight, a soul eater
and a brain worm.

Vanquished Creatures
  Norris (Swamp:3)
  the Lernaean hydra (Swamp:5)
  Saint Roka (Elf:2)
  A bone dragon (Abyss:1)
  A tentacled monstrosity (Depths:3)
  An Ice Fiend (IceCv)
  5 liches
  2 deep elf master archers (Elf:3)
  2 deep elf blademasters (Elf:3)
  4 tentacled starspawn (Abyss:1)
  A titan (Depths:3)
  A thorn hunter (Swamp:3)
  3 ancient champions
  2 sphinxes
  Rupert (Lair:8)
  Kirke (Snake:4)
  A tengu reaver (Depths:1)
  4 revenants
  4 fire giants
  2 frost giants
  Maud (Elf:1)
  7 vault wardens
  Louise (Elf:3)
  Wiglaf (Crypt:1)
  6 greater nagas
  3 emperor scorpions
  3 ghouls
  6 deep elf sorcerers
  Donald (Swamp:3)
  5 curse skulls
  9 stone giants
  2 vampire knights
  9 deep elf demonologists (Elf:3)
  9 deep elf annihilators
  3 dire elephants
  A blizzard demon (Abyss:1)
  An orc warlord (Orc:4)
  A minotaur (Depths:3)
  7 eidola
  6 yaktaur captains
  10 jiangshi
  A vault guard (Vaults:3)
  5 ettins
  A deep elf high priest (Elf:2)
  7 deep elf death magi
  7 great orbs of eyes
  21 hydras
  Fannar (Elf:1)
  Harold (D:14)
  A ghost crab (Crypt:1)
  7 naga warriors
  4 rakshasas
  4 anacondas
  7 fire dragons
  4 alligators
  8 death yaks
  7 deep troll shamans
  7 ice dragons
  6 ironheart preservers
  2 death knights
  A titan zombie (Crypt:1)
  2 tengu warriors
  2 spriggan berserkers
  6 vampire magi
  Urug (Elf:1)
  A hell knight (Depths:3)
  4 ogre magi
  6 deep troll earth magi
  6 soul eaters (Crypt:1)
  Erica (D:14)
  2 very ugly things
  A spectral storm dragon (Crypt:3)
  A spectral ghost moth (Crypt:3)
  A salamander mystic (Snake:5)
  25 shadow wraiths
  An unseen horror (shapeshifter) (Depths:1)
  3 orc high priests
  22 skeletal warriors
  3 ice devils
  13 deep elf knights
  10 hill giants
  7 shock serpents
  7 swamp dragons
  2 unseen horrors (Vaults:1)
  2 catoblepae
  17 spriggans
  9 deep elf summoners
  6 naga ritualists
  6 large abominations (Abyss:1)
  2 ice statues (IceCv)
  5 spriggan druids
  7 flayed ghosts
  A giant orange brain (Vaults:3)
  2 wizards
  An iron troll (Depths:1)
  4 centaur warriors
  A fire crab (Lair:8)
  A lindwurm (Lair:8)
  A wolf spider (shapeshifter) (Depths:1)
  6 deep trolls
  A sphinx zombie (Crypt:2)
  A wolf spider (Vaults:2)
  21 phantasmal warriors
  9 deep elf conjurers
  A shadow dragon skeleton (Crypt:1)
  10 ironbrand convokers
  2 griffons (Vaults:1)
  3 red wasps
  6 naga sharpshooters
  A guardian serpent (shapeshifter) (Vaults:3)
  A sixfirhy (Elf:3)
  2 necromancers (Crypt:1)
  A worldbinder (Abyss:1)
  9 cyclopes
  11 salamanders
  28 black mambas
  9 orc knights
  Maurice (D:8)
  2 smoke demons (Abyss:1)
  A spiny frog (shapeshifter) (Vaults:3)
  4 orc sorcerers
  A frost giant skeleton (Crypt:1)
  A guardian serpent (Snake:5)
  8 komodo dragons
  Psyche (Orc:4)
  2 kobold demonologists (Vaults:1)
  A yellow draconian zombie (Crypt:1)
  4 mana vipers
  A centaur zombie (D:15)
  20 spiny frogs
  An efreet (D:13)
  3 gargoyles
  7 vault sentinels
  A fire drake (Lair:7)
  A wandering mushroom (D:10)
  8 elephants
  24 yaktaurs
  6 freezing wraiths
  5 small abominations
  2 yaktaur zombies (Vaults:1)
  2 hellwings (Abyss:1)
  A queen bee (D:9)
  3 manticores
  A silent spectre (Crypt:3)
  6 blue devils (IceCv)
  18 naga magi
  8 trolls
  2 ancient zymes (Abyss:1)
  A mana viper skeleton (Crypt:1)
  3 polar bears (Lair:4)
  A queen bee (shapeshifter) (Elf:2)
  A harpy skeleton (Crypt:3)
  5 two-headed ogres
  A hydra skeleton (D:14)
  55 slime creatures
  2 trolls (shapeshifter)
  A raiju (shapeshifter) (Depths:2)
  A frost giant simulacrum (Crypt:1)
  2 boulder beetles
  A giant leech (Swamp:1)
  5 bog bodies
  2 basilisks (D:9)
  11 blink frogs
  A boulder beetle (shapeshifter) (Vaults:3)
  12 ravens
  24 shadows
  An ice dragon skeleton (Abyss:1)
  15 flying skulls
  3 wyverns
  A black mamba zombie (Crypt:2)
  13 deep elf priests
  5 redbacks
  11 vampires
  A griffon skeleton (D:10)
  Sonja (Orc:2)
  A black mamba skeleton (Crypt:3)
  6 neqoxecs (Abyss:1)
  24 deep elf magi
  A formicid (shapeshifter) (D:14)
  65 yaks
  67 ugly things
  A hill giant zombie (D:8)
  10 hippogriffs
  Grum (D:8)
  5 wolves
  18 wraiths
  6 hogs (Snake:4)
  A chaos spawn (Abyss:1)
  2 fire bats (Abyss:1)
  2 steam dragons (D:10)
  32 vampire mosquitoes
  A hippogriff (shapeshifter) (Vaults:1)
  13 hungry ghosts
  A hill giant skeleton (Crypt:1)
  22 deep elf fighters
  A human (shapeshifter) (Vaults:3)
  4 mottled dragons
  16 porcupines
  A tengu zombie (D:12)
  22 swamp worms
  3 wargs
  41 nagas
  A torturous demonspawn skeleton (Crypt:3)
  8 swamp drakes
  A hydra simulacrum (Crypt:1)
  37 orc warriors
  5 sky beasts
  An ettin simulacrum (Crypt:1)
  A gelid demonspawn skeleton (Crypt:3)
  A black bear (D:9)
  5 phantoms
  26 water moccasins
  14 ice beasts
  3 necrophages
  13 crocodiles
  A torpor snail zombie (Crypt:1)
  11 yellow wasps
  23 centaurs
  2 snapping turtle skeletons
  5 lost souls
  2 big kobolds
  A brain worm (Abyss:1)
  A boring beetle (Lair:8)
  An elephant zombie (Lair:5)
  26 ogres
  12 giant frogs
  6 elf zombies (Elf:2)
  2 water moccasin zombies
  5 insubstantial wisps (Swamp:3)
  28 killer bees
  A gnoll sergeant (D:11)
  2 cyclops skeletons
  A wyvern skeleton (D:11)
  5 scorpions
  An eye of draining (D:13)
  2 yak zombies
  A polar bear zombie (Lair:4)
  A tengu skeleton (D:11)
  A yak skeleton (D:7)
  3 electric eels
  24 wights
  A wolf zombie (Lair:3)
  9 crimson imps
  2 goliath beetles (D:6)
  22 hounds
  5 starcursed masses (Abyss:1)
  2 centaur skeletons
  A human simulacrum (Vaults:2)
  10 human zombies (Crypt:2)
  5 jellies
  A black bear zombie (Crypt:2)
  2 basilisk zombies
  37 orc priests
  2 quasits
  A giant frog skeleton (D:8)
  40 orc wizards
  5 iguanas
  3 orange rats
  An iron imp (D:8)
  A two-headed ogre skeleton (D:13)
  A porcupine zombie (Crypt:3)
  13 sheep
  10 worker ants
  A porcupine skeleton (Crypt:1)
  A dwarf zombie (Crypt:2)
  An ogre zombie (D:10)
  A crocodile skeleton (Crypt:1)
  A fulminant prism (Lair:3)
  4 gnolls
  An orange rat zombie (Crypt:2)
  24 adders
  An orange rat skeleton (Crypt:1)
  26 green rats
  A shadow imp (D:15)
  A worm zombie (Crypt:1)
  An orc skeleton (D:12)
  8 giant mites
  An inept item mimic (D:2)
  6 white imps
  A worm (D:2)
  A goliath beetle zombie (D:6)
  5 ufetubi
  A sheep zombie (Crypt:3)
  2 adder zombies
  A sheep skeleton (Crypt:1)
  6 giant geckos
  2 oozes (D:3)
  196 orcs
  2 ball pythons (Lair:5)
  24 bats
  A bat zombie (D:8)
  2 giant cockroaches (D:8)
  2 gnoll zombies (D:9)
  19 goblins
  A green rat zombie (Lair:2)
  17 hobgoblins
  11 jackals
  12 quokkas
  4 giant newts
  2 giant spores
  A gnoll skeleton (Crypt:1)
  A goblin skeleton (D:4)
  A hobgoblin zombie (D:8)
  30 kobolds
  5 kobold skeletons
  A kobold zombie (D:8)
  A lurking horror (Abyss:1)
  6 orc zombies
  A quokka zombie (D:8)
  39 rats
  A rat skeleton (D:6)
  2 ballistomycetes
  3 crawling corpses (Elf:3)
  3 fungi (Elf:3)
  2 plants
  2 starspawn tentacles (Abyss:1)
2188 creatures vanquished.

Vanquished Creatures (collateral kills)
  An Executioner (Abyss:1)
  A thorn hunter (Swamp:4)
  3 greater nagas (Snake:5)
  2 emperor scorpions
  Aizul (Snake:5)
  A vault warden (Vaults:1)
  Jorgrun (Swamp:2)
  Snorg (Swamp:4)
  6 dire elephants
  A green death (Abyss:1)
  2 spriggan air magi (Depths:2)
  5 rakshasas
  3 large abominations
  3 hydras (Swamp:5)
  2 great orbs of eyes (Depths:1)
  A ravenous item mimic (Depths:3)
  An anaconda (Snake:2)
  6 shambling mangroves
  5 naga warriors (Snake:5)
  A tengu warrior (Depths:1)
  5 death yaks
  A spriggan berserker (Depths:2)
  2 centaur warriors
  A very ugly thing (Depths:1)
  2 deep elf knights
  A salamander (Snake:5)
  2 naga sharpshooters
  3 salamander mystics
  A wizard (Depths:1)
  A deep troll (Depths:1)
  A spriggan druid (Swamp:5)
  6 swamp dragons
  An ironbrand convoker (Vaults:3)
  2 red wasps
  Joseph (D:13)
  A griffon (Lair:4)
  A cyclops (Vaults:1)
  A hill giant (D:13)
  3 orc knights
  12 black mambas
  3 mana vipers (Snake:1)
  6 spiny frogs
  12 naga magi
  2 yaktaurs
  3 guardian serpents
  2 kobold demonologists (D:15)
  2 komodo dragons
  8 elephants
  2 vault sentinels
  A blue devil (IceCv)
  A two-headed ogre (Vaults:1)
  4 giant leeches
  3 polar bears
  9 ravens
  A boulder beetle (Vaults:1)
  3 bog bodies
  4 blink frogs
  5 spriggans
  A basilisk (Lair:7)
  22 yaks
  11 ugly things
  A griffon skeleton (D:13)
  A deep elf mage (Elf:2)
  A hog (Snake:4)
  20 slime creatures
  12 swamp worms
  4 hippogriffs
  A mottled dragon (Vaults:1)
  13 vampire mosquitoes
  17 nagas
  2 porcupines
  2 wolves (Lair:3)
  A spiny frog zombie (Lair:4)
  10 water moccasins
  An orc warrior (Orc:4)
  10 swamp drakes
  5 yellow wasps
  2 ogres
  A centaur (D:15)
  A manticore skeleton (D:14)
  3 crocodiles
  A brain worm (D:15)
  A big kobold (Vaults:1)
  2 elf zombies (Elf:2)
  A yaktaur skeleton (D:15)
  2 giant frogs (Lair:4)
  A scorpion (D:14)
  An eye of draining (Depths:1)
  A lava snake (Snake:1)
  A wolf zombie (Lair:3)
  A crimson imp (D:12)
  2 orc priests (Orc:4)
  A hound (Lair:5)
  4 orc wizards
  4 adders
  2 iguanas
  4 sheep (Lair:8)
  A mottled dragon zombie (D:15)
  17 green rats
  2 giant mites (D:8)
  3 white imps (IceCv)
  5 ufetubi (IceCv)
  31 orcs
  3 bats
  A goblin (Elf:1)
  A hobgoblin (Orc:4)
  6 quokkas
  2 kobolds (Vaults:1)
  A ballistomycete (D:13)
  A bush (Lair:4)
  A crawling corpse (Elf:2)
  5 fungi
  10 plants
427 creatures vanquished.

Vanquished Creatures (others)
  5 shadow wraiths
  2 anaconda zombies
  A sphinx zombie (Depths:3)
  A wolf spider zombie (Vaults:2)
  A phantasmal warrior (Depths:3)
  A frost giant zombie (Vaults:2)
  A dire elephant zombie (Lair:8)
  An emperor scorpion zombie (Depths:3)
  2 death yak zombies
  4 swamp worm zombies
  A centaur skeleton (Vaults:1)
  3 freezing wraiths
  2 ice dragon zombies
  2 alligator zombies
  4 deep troll zombies
  A shock serpent zombie (Snake:5)
  3 fire dragon zombies
  12 hydra zombies
  A red wasp zombie (Swamp:4)
  6 black mamba zombies (Snake:5)
  A giant leech zombie (Swamp:5)
  4 spriggan zombies
  24 wraiths
  4 hungry ghosts
  4 spiny frog zombies
  5 hill giant zombies
  2 naga skeletons (Snake:5)
  4 ugly thing zombies
  A spiny frog skeleton (Swamp:1)
  5 swamp dragon zombies
  A phantom (Depths:3)
  4 blink frog zombies
  8 raven zombies
  8 lost souls
  A swamp dragon skeleton (Swamp:4)
  10 vampire mosquito zombies
  4 elephant zombies (Lair:5)
  2 salamander zombies
  3 komodo dragon zombies
  7 yaktaur zombies
  A cyclops zombie (Vaults:1)
  A hog zombie (Snake:4)
  4 human zombies
  10 water moccasin zombies
  A yaktaur skeleton (Vaults:3)
  A polar bear zombie (Lair:4)
  13 yak zombies
  2 troll zombies
  5 hippogriff zombies
  A human skeleton (Vaults:1)
  3 giant frog zombies
  A hippogriff skeleton (Lair:8)
  A boring beetle zombie (Lair:8)
  28 elf zombies
  5 yellow wasp zombies
  A two-headed ogre zombie (Vaults:1)
  4 bog body skeletons
  7 centaur zombies
  A yak skeleton (D:14)
  A big kobold zombie (Vaults:1)
  A mottled dragon zombie (Vaults:1)
  23 naga zombies
  5 ogre zombies
  A hound zombie (Lair:4)
  2 crocodile zombies
  11 fulminant prisms
  9 swamp drake zombies
  3 gnoll zombies (D:11)
  A scorpion zombie (D:13)
  A white imp (IceCv)
  An ufetubus (IceCv)
  An adder zombie (Lair:8)
  An iguana zombie (Lair:3)
  3 orc skeletons
  An adder skeleton (D:11)
  An electric eel zombie (D:10)
  2 sheep zombies (Lair:6)
  7 bat zombies (Crypt:2)
  A goblin (D:2)
  4 green rat zombies
  A giant gecko zombie (D:11)
  A goblin zombie (Orc:1)
  A hobgoblin zombie (Orc:2)
  4 kobold zombies (Vaults:1)
  67 orc zombies
  A quokka zombie (D:10)
  5 rat zombies
  A crawling corpse (Vaults:2)
  12 fungi
  5 plants
  8 starspawn tentacles (Abyss:1)
  41 starspawn tentacle segments (Abyss:1)
473 creatures vanquished.

Grand Total: 3088 creatures vanquished

Notes
Turn   | Place    | Note
--------------------------------------------------------------
     0 | D:1      | KaKa, the Octopode Conjurer, began the quest for the Orb.
     0 | D:1      | Reached XP level 1. HP: 11/11 MP: 3/3
   203 | D:1      | Reached XP level 2. HP: 17/17 MP: 0/4
   489 | D:1      | Learned a level 2 spell: Searing Ray
   606 | D:1      | Reached XP level 3. HP: 14/21 MP: 0/6
   680 | D:1      | Reached skill level 5 in Conjurations
  1139 | D:2      | Found a stormy altar of Qazlal.
  1488 | D:2      | Reached XP level 4. HP: 27/27 MP: 0/7
  2370 | D:3      | Reached skill level 6 in Conjurations
  2750 | D:3      | Reached XP level 5. HP: 28/31 MP: 3/9
  2757 | D:3      | Learned a level 5 spell: Iskenderun's Battlesphere
  3049 | D:3      | Reached skill level 1 in Charms
  3787 | D:3      | Reached XP level 6. HP: 18/36 MP: 8/11
  4306 | D:5      | Entered Level 5 of the Dungeon
  4848 | D:5      | Reached XP level 7. HP: 41/41 MP: 7/18
  4887 | D:5      | Gained mutation: You can breathe flames. [mutagenic meat]
  4902 | D:5      | Learned a level 3 spell: Mephitic Cloud
  4905 | D:5      | Learned a level 2 spell: Repel Missiles
  4908 | D:5      | Learned a level 2 spell: Blink
  5015 | D:5      | Reached skill level 5 in Spellcasting
  5316 | D:5      | Found a shattered altar of Ashenzari.
  5678 | D:5      | Reached skill level 1 in Shields
  5688 | D:5      | Found Twexkev's General Store.
  5819 | D:6      | Found a blossoming altar of Fedhas.
  6025 | D:6      | Reached skill level 7 in Conjurations
  6025 | D:6      | Reached XP level 8. HP: 46/46 MP: 20/20
  6498 | D:6      | Found an iron altar of Okawaru.
  6499 | D:6      | Found an ancient bone altar of Kikubaaqudgha.
  6507 | D:6      | Became a worshipper of Kikubaaqudgha
  6820 | D:6      | Reached skill level 8 in Conjurations
  7258 | D:7      | Reached skill level 5 in Shields
  7510 | D:7      | Reached XP level 9. HP: 29/51 MP: 13/21
  7719 | D:7      | Found a staircase to the Ecumenical Temple.
  8102 | D:7      | Reached skill level 5 in Charms
  8731 | D:8      | Acquired Kikubaaqudgha's first power
  8731 | D:8      | Received a gift from Kikubaaqudgha
  8746 | D:8      | Identified Kikubaaqudgha's Compendium of Sinister Secrets (Kikubaaqudgha gifted it to you on level 8 of the Dungeon)
  8832 | D:8      | Found a glowing golden altar of the Shining One.
  9076 | D:8      | Reached skill level 9 in Conjurations
  9562 | D:8      | Noticed Grum
  9658 | D:8      | Reached XP level 10. HP: 56/56 MP: 22/22
  9667 | D:8      | Killed Grum
  9736 | D:8      | Reached skill level 10 in Conjurations
  9935 | D:8      | Acquired Kikubaaqudgha's second power
 10264 | D:8      | Noticed Maurice
 10294 | D:8      | Killed Maurice
 10786 | D:9      | Reached skill level 1 in Necromancy
 10786 | D:9      | Reached skill level 1 in Translocations
 10888 | D:9      | Found Ysaeg's Jewellery Emporium.
 10897 | D:9      | Bought a cursed -2 ring of strength for 34 gold pieces
 11198 | D:9      | Found a staircase to the Lair.
 11391 | D:9      | Reached XP level 11. HP: 61/61 MP: 23/23
 11398 | D:9      | Learned a level 4 spell: Control Teleport
 11496 | D:9      | Received a gift from Kikubaaqudgha
 11581 | D:9      | Identified Kikubaaqudgha's Reference Book on Stolen Souls (Kikubaaqudgha gifted it to you on level 9 of the Dungeon)
 11798 | D:9      | Reached skill level 11 in Conjurations
 11872 | D:9      | Reached skill level 5 in Translocations
 12957 | D:9      | Learned a level 4 spell: Animate Dead
 12961 | D:9      | Found a basalt altar of Yredelemnul.
 13344 | Lair:1   | Entered Level 1 of the Lair of Beasts
 13599 | Lair:1   | Reached skill level 5 in Necromancy
 14520 | Lair:1   | Learned a level 1 spell: Apportation
 15133 | Lair:1   | Upgraded the game from 0.15-a0-1866-g491fd59 to 0.15-a0-1894-g162a615
 15212 | D:10     | Entered Level 10 of the Dungeon
 15474 | D:10     | Acquired Kikubaaqudgha's third power
 15474 | D:10     | Reached XP level 12. HP: 66/66 MP: 26/27
 15867 | D:10     | Reached skill level 5 in Dodging
 16514 | D:11     | Learned a level 4 spell: Fulminant Prism
 17873 | D:10     | Upgraded the game from 0.15-a0-1894-g162a615 to 0.15-a0-1950-gbc841a2
 17993 | D:9      | Acquired Kikubaaqudgha's fourth power
 18020 | D:9      | Learned a level 2 spell: Sublimation of Blood
 18093 | Lair:2   | Got a glittering lead ring
 18094 | Lair:2   | Identified the ring of the Scarab {+cTele Str+4 Dex+3} (You found it on level 2 of the Lair of Beasts)
 19208 | Lair:3   | Gained mutation: You are partially covered in molten scales (AC +1). [potion of beneficial mutation]
 19209 | Lair:3   | Gained mutation: You possess an exceptional clarity of mind. [potion of beneficial mutation]
 19232 | Lair:3   | Noticed Gastronok
 20508 | Lair:4   | Reached XP level 13. HP: 34/71 MP: 1/31
 20674 | Lair:4   | Reached skill level 10 in Spellcasting
 21569 | Lair:5   | Learned a level 5 spell: Bolt of Draining
 21626 | Lair:5   | Reached skill level 10 in Dodging
 23001 | Lair:5   | Found a staircase to the Snake Pit.
 23371 | Lair:5   | Reached skill level 1 in Fighting
 23371 | Lair:5   | Reached skill level 1 in Staves
 23681 | Lair:6   | Found a staircase to the Swamp.
 23721 | Lair:6   | Reached XP level 14. HP: 81/81 MP: 11/32
 23722 | Lair:6   | You fall through a shaft!
 24203 | Lair:6   | Found a viscous altar of Jiyva.
 24203 | Lair:6   | Found a staircase to the Slime Pits.
 25578 | Lair:8   | Entered Level 8 of the Lair of Beasts
 25578 | Lair:8   | Found a deep blue altar of Sif Muna.
 26057 | Lair:8   | Noticed Rupert
 26075 | Lair:8   | Killed Rupert
 26762 | Lair:8   | Reached skill level 5 in Fighting
 27067 | Lair:8   | Got a bloodstained dire flail
 27108 | Lair:8   | Reached skill level 5 in Staves
 27108 | Lair:8   | Reached skill level 12 in Dodging
 27643 | D:10     | Learned a level 5 spell: Dispel Undead
 28126 | D:11     | Gained mutation: You are surrounded by a mild repulsion field (EV +2). [mutagenic meat]
 28127 | D:11     | Gained mutation: You have a slow metabolism. [mutagenic meat]
 28128 | D:11     | Gained mutation: You are robust (+10% HP). [mutagenic meat]
 28184 | D:11     | Reached XP level 15. HP: 103/103 MP: 9/34
 28896 | D:12     | Found a staircase to the Orcish Mines.
 29078 | D:12     | Gained mutation: You are surrounded by a moderate repulsion field (EV +3). [potion of mutation]
 29078 | D:12     | Gained mutation: You are resistant to hostile enchantments. [potion of mutation]
 29078 | D:12     | Gained mutation: Your spells are a little easier to cast, but a little less powerful. [potion of mutation]
 29275 | Orc:1    | Entered Level 1 of the Orcish Mines
 29373 | Orc:1    | Upgraded the game from 0.15-a0-1950-gbc841a2 to 0.15-a0-1968-gb423ccb
 29564 | Orc:2    | Upgraded the game from 0.15-a0-1968-gb423ccb to 0.15-a0-1995-g7e6aeab
 29692 | Orc:2    | Noticed Sonja
 29696 | Orc:2    | Killed Sonja
 30607 | Orc:3    | Found a bloodstained altar of Trog.
 30611 | Orc:3    | Found a roughly hewn altar of Beogh.
 31071 | Orc:4    | Entered Level 4 of the Orcish Mines
 31103 | Orc:4    | Found a roughly hewn altar of Beogh.
 31103 | Orc:4    | Found Thi Friu's Gadget Emporium.
 31297 | Orc:4    | Found a roughly hewn altar of Beogh.
 31406 | Orc:4    | Found a roughly hewn altar of Beogh.
 31711 | Orc:4    | Found a roughly hewn altar of Beogh.
 31711 | Orc:4    | Found Thaon's Antique Weapon Shop.
 31816 | Orc:4    | Found a staircase to the Elven Halls.
 32204 | Orc:4    | Found a roughly hewn altar of Beogh.
 32204 | Orc:4    | Found Pruwk's Antique Weapon Boutique.
 32219 | Orc:4    | Found Suorupne's Antique Armour Shop.
 32241 | Orc:4    | Bought an embroidered hat for 128 gold pieces
 32597 | Orc:4    | Noticed Psyche
 32606 | Orc:4    | Killed Psyche
 32923 | D:9      | Bought an uncursed ring of protection from fire for 425 gold pieces
 32923 | D:9      | Bought an uncursed ring of protection from cold for 425 gold pieces
 33255 | D:13     | Noticed Joseph
 33265 | D:13     | Killed Joseph
 34219 | D:14     | Found a gate to the Vaults.
 34377 | D:14     | Reached skill level 13 in Spellcasting
 34405 | D:14     | Noticed Harold
 34421 | D:14     | Killed Harold
 34436 | D:14     | Found a basalt altar of Yredelemnul.
 34443 | D:14     | Noticed Erica
 34632 | D:14     | Killed Erica
 34650 | D:14     | Learned a level 6 spell: Haste
 35676 | D:15     | Entered Level 15 of the Dungeon
 35760 | D:15     | Found a staircase to the Depths.
 36144 | D:15     | Reached skill level 14 in Spellcasting
 36497 | D:15     | Reached XP level 16. HP: 103/111 MP: 26/37
 37393 | Temple   | Entered the Ecumenical Temple
 37539 | D:6      | Received a gift from Kikubaaqudgha
 37746 | Swamp:1  | Entered Level 1 of the Swamp
 39123 | Swamp:2  | Reached skill level 15 in Spellcasting
 39145 | Swamp:2  | Noticed Jorgrun
 39164 | Swamp:2  | Killed Jorgrun
 40102 | Swamp:3  | Noticed Norris
 40112 | Swamp:3  | Killed Norris
 40760 | Swamp:3  | Reached skill level 10 in Necromancy
 40934 | Swamp:3  | Reached skill level 1 in Evocations
 40986 | Swamp:3  | Noticed Donald
 40992 | Swamp:3  | Killed Donald
 42017 | Swamp:4  | Noticed Snorg
 42024 | Swamp:4  | Killed Snorg
 42155 | Swamp:4  | Noticed a thorn hunter
 42163 | Swamp:4  | Killed a thorn hunter
 42163 | Swamp:4  | Reached skill level 5 in Evocations
 43217 | Swamp:5  | Entered Level 5 of the Swamp
 43432 | Swamp:5  | Reached skill level 10 in Staves
 43510 | Swamp:5  | Reached XP level 17. HP: 86/117 MP: 38/38
 43550 | Swamp:5  | Learned a level 6 spell: Poison Arrow
 43559 | Swamp:5  | Reached skill level 1 in Poison Magic
 44797 | Swamp:5  | Noticed the 27-headed Lernaean hydra
 45227 | Swamp:5  | Reached skill level 5 in Poison Magic
 45754 | Swamp:5  | Got a decaying rune of Zot
 46052 | Swamp:5  | Killed the 27-headed Lernaean hydra
 46370 | Swamp:3  | Noticed a thorn hunter
 46376 | Swamp:3  | Killed a thorn hunter
 46574 | Snake:1  | Entered Level 1 of the Snake Pit
 49418 | Vaults:1 | Entered Level 1 of the Vaults
 49448 | Vaults:1 | Upgraded the game from 0.15-a0-1995-g7e6aeab to 0.15-a0-2019-g30d9616
 50274 | Vaults:1 | Reached XP level 18. HP: 123/123 MP: 32/38
 50283 | Vaults:1 | Reached skill level 10 in Evocations
 53103 | Vaults:2 | Learned a level 7 spell: Haunt
 53157 | Vaults:2 | Reached skill level 1 in Summonings
 54188 | Vaults:2 | Gained mutation: You can spit poison. [mutagenic meat]
 54367 | Vaults:3 | Reached XP level 19. HP: 60/138 MP: 15/39
 54568 | Vaults:3 | Reached skill level 5 in Summonings
 54760 | Vaults:3 | Found a staircase to the Crypt.
 54760 | Vaults:3 | Found a basalt altar of Yredelemnul.
 54763 | Vaults:3 | Found an ancient bone altar of Kikubaaqudgha.
 54810 | Crypt:1  | Entered Level 1 of the Crypt
 54971 | Crypt:1  | Reached skill level 10 in Charms
 55416 | Crypt:1  | Noticed Wiglaf
 55569 | Crypt:1  | Killed Wiglaf
 58421 | Crypt:2  | Found a basalt altar of Yredelemnul.
 58737 | Crypt:2  | Reached skill level 10 in Summonings
 60455 | Crypt:3  | Entered Level 3 of the Crypt
 60627 | Crypt:3  | Found a staircase to the Tomb.
 60655 | Crypt:3  | Identified a scroll of acquirement
 61004 | Crypt:3  | Lost mutation: Your spells are a little easier to cast, but a little less powerful. [potion of beneficial mutation]
 61635 | Crypt:3  | Reached XP level 20. HP: 82/144 MP: 0/40
 62852 | Crypt:3  | Found a basalt altar of Yredelemnul.
 64236 | Crypt:3  | Got a twitching ivory ring
 64238 | Crypt:3  | Identified the ring of Suspected Treachery {+Fly rPois} (You took it off a deep elf death mage on level 3 of the Crypt)
 67305 | Snake:4  | Noticed Kirke
 67324 | Snake:4  | Killed Kirke
 67893 | Snake:5  | Entered Level 5 of the Snake Pit
 67933 | Snake:5  | Found a frozen archway.
 68053 | IceCv    | Entered an ice cave
 69098 | Snake:5  | Found a glowing silver altar of Zin.
 69132 | Snake:5  | Reached XP level 21. HP: 118/149 MP: 30/40
 69369 | Snake:5  | Noticed Aizul
 69378 | Snake:5  | Killed Aizul
 69841 | Snake:5  | Gained mutation: You have supernaturally acute eyesight. [potion of beneficial mutation]
 69946 | Snake:5  | Reached skill level 10 in Fighting
 70540 | Snake:5  | Got a serpentine rune of Zot
 71481 | Elf:1    | Entered Level 1 of the Elven Halls
 71826 | Elf:1    | Noticed Fannar
 71855 | Elf:1    | Killed Fannar
 71945 | Elf:1    | Found Thoixkomn's Magic Scroll Boutique.
 71971 | Elf:1    | Bought a scroll of blinking for 127 gold pieces
 72282 | Elf:1    | Noticed Urug
 72284 | Elf:1    | Killed Urug
 72648 | Elf:1    | Noticed Maud
 72653 | Elf:1    | Killed Maud
 73153 | Elf:2    | Reached skill level 15 in Dodging
 73489 | Elf:2    | Identified Kikubaaqudgha's Volume of Evil (You found it on level 2 of the Elven Halls)
 73494 | Elf:2    | Learned a level 3 spell: Regeneration
 73751 | Elf:2    | Noticed Saint Roka
 73770 | Elf:2    | Killed Saint Roka
 74530 | Elf:3    | Entered Level 3 of the Elven Halls
 74721 | Elf:3    | Noticed Louise
 74727 | Elf:3    | Killed Louise
 75907 | Elf:3    | Got a brightly glowing zirconium amulet
 75925 | Elf:3    | Identified the amulet "Thiecib" {+Rage Str-3 Dex+3} (You took it off a deep elf annihilator on level 3 of the Elven Halls)
 75979 | Elf:3    | Reached XP level 22. HP: 165/165 MP: 41/41
 76242 | Elf:3    | Reached skill level 16 in Dodging
 76878 | Elf:3    | Identified a +2 rod of striking (10/10) (You took it off a deep elf conjurer on level 3 of the Elven Halls)
 76888 | Elf:3    | Got a crude brass ring
 76890 | Elf:3    | Identified the cursed ring "Wuiraeg" {Str-2 Dex+3 Int+2} (You found it on level 3 of the Elven Halls)
 78976 | Depths:1 | Entered Level 1 of the Depths
 79598 | Depths:1 | Found a gateway to Hell.
 80459 | Depths:2 | Found a gateway to a ziggurat.
 80688 | Depths:2 | Reached skill level 17 in Spellcasting
 80689 | Depths:2 | Reached XP level 23. HP: 161/173 MP: 29/42
 81446 | Depths:3 | Found a one-way gate to the infinite horrors of the Abyss.
 81479 | Depths:3 | Voluntarily entered the Abyss.
 81587 | Abyss:1  | Reached skill level 18 in Spellcasting
 81651 | Abyss:1  | Learned a level 5 spell: Bolt of Magma
 82034 | Abyss:1  | Gained mutation: Your muscles are strong. (Str +2) [a neqoxec]
 82242 | Abyss:1  | Learned a level 7 spell: Orb of Destruction
 82377 | Abyss:1  | HP: 5/173 [starcursed mass/accursed screaming (7)]
 82378 | Abyss:1  | Killed from afar by a starcursed mass

Action                   |  1- 3 |  4- 6 |  7- 9 | 10-12 | 13-15 | 16-18 | 19-21 | 22-24 || total
-------------------------+-------+-------+-------+-------+-------+-------+-------+-------++-------
Melee: Unarmed           |     6 |       |       |       |     4 |       |       |       ||    10
       Short sword       |       |    13 |       |       |       |       |       |       ||    13
       Staff             |       |       |     3 |    14 |   414 |   596 |   594 |   326 ||  1947
 Fire: Blowgun           |       |    15 |    46 |       |       |       |       |       ||    61
Throw: Stone             |    14 |     5 |     1 |     4 |       |       |       |       ||    24
       Tomahawk          |     5 |       |       |       |       |       |       |       ||     5
 Cast: Magic Dart        |    79 |   148 |   270 |   675 |   610 |   186 |     2 |       ||  1970
       Searing Ray       |       |     3 |    31 |     4 |       |       |       |       ||    38
       Mephitic Cloud    |       |       |    23 |    49 |    25 |       |       |       ||    97
       Repel Missiles    |       |       |     1 |     1 |     2 |     1 |     1 |       ||     6
       Blink             |       |       |     1 |    26 |     2 |     2 |       |     3 ||    34
       Iskenderun's Batt |       |       |     2 |   129 |   133 |    46 |       |       ||   310
       Control Teleport  |       |       |       |    12 |     6 |     3 |     2 |     2 ||    25
       Animate Dead      |       |       |       |    26 |    99 |   112 |    69 |    32 ||   338
       Sublimation of Bl |       |       |       |    11 |    97 |    52 |     4 |   124 ||   288
       Fulminant Prism   |       |       |       |     8 |     4 |       |       |       ||    12
       Bolt of Draining  |       |       |       |       |   268 |   367 |   209 |   209 ||  1053
       Dispel Undead     |       |       |       |       |    28 |    28 |   422 |    28 ||   506
       Poison Arrow      |       |       |       |       |       |   108 |   162 |   129 ||   399
       Haste             |       |       |       |       |       |     3 |    14 |     1 ||    18
       Apportation       |       |       |       |       |       |       |     3 |       ||     3
       Haunt             |       |       |       |       |       |       |     9 |    27 ||    36
       Regeneration      |       |       |       |       |       |       |     1 |    58 ||    59
       Bolt of Magma     |       |       |       |       |       |       |       |    49 ||    49
       Orb of Destructio |       |       |       |       |       |       |       |     2 ||     2
Evoke: Wand              |       |     6 |       |     8 |     9 |    13 |     7 |    11 ||    54
  Use: Scroll            |       |    12 |     1 |    16 |    10 |    11 |    13 |    13 ||    76
       Potion            |       |     1 |       |     5 |     1 |     4 |     4 |     3 ||    18
 Stab: Sleeping          |       |     2 |     2 |       |     6 |     8 |     9 |     1 ||    28
       Confused          |       |       |     1 |       |     6 |       |       |       ||     7
       Distracted        |       |       |       |       |     5 |     7 |     6 |     4 ||    22
  Eat: Fruit             |       |       |       |    10 |    11 |       |     1 |       ||    22
       Chunk             |       |       |       |     5 |    38 |     8 |    14 |     2 ||    67
       Meat ration       |       |       |       |     2 |     3 |     9 |    10 |     3 ||    27
       Royal jelly       |       |       |       |     1 |     7 |     1 |       |     1 ||    10
       Pizza             |       |       |       |     1 |     3 |     1 |     3 |     1 ||     9
       Beef jerky        |       |       |       |       |     5 |       |     4 |     2 ||    11
       Bread ration      |       |       |       |       |       |       |     2 |     5 ||     7
